 Dungeon Crawl Stone Soup version 0.27-a0-170-g607d9e9d85 (webtiles) character file.

Game seed: 18212639036106715291

121 kae the Ruffian (level 4, 0/36 HPs)
             Began as a Draconian Transmuter on Jan 28, 2021.
             Was an Initiate of Ru.
             Slain by an orc
             ... wielding a +0 short sword
              (5 damage)
             ... on level 3 of the Dungeon.
             The game lasted 00:01:33 (2316 turns).

kae the Ruffian (Draconian Transmuter)              Turns: 2316, Time: 00:01:34

Health: 0/36       AC:  2    Str: 13    XL:     4   Next: 76%
Magic:  5/7        EV: 20    Int: 14    God:    Ru [......]
Gold:   123        SH:  0    Dex: 16    Spells: 4/8 levels left

rFire    . . .     SeeInvis .     - Unarmed
rCold    . . .     Faith    .   (shield currently unavailable)
rNeg     + . .     Spirit   .   (armour unavailable)
rPois    x         Reflect  .   (helmet currently unavailable)
rElec    .         Harm     .   (cloak currently unavailable)
rCorr    .         Rampage  .   (gloves currently unavailable)
Will     .....                  (boots currently unavailable)
Stlth    ++........             h - amulet of regeneration
HPRegen  0.52/turn              f - ring of positive energy
MPRegen  0.10/turn              j - ring of stealth

@: spider-form (expiring)
A: tiny, unfitting armour, AC +5
a: End Transformation, Renounce Religion


You were on level 3 of the Dungeon.
You worshipped Ru.
Ru was noncommittal.
You were a venomous arachnid creature.
You visited 1 branch of the dungeon, and saw 3 of its levels.

You collected 123 gold pieces.

Inventory:

Armour
 d - a +1 pair of gloves (melded)
Jewellery
 f - a ring of positive energy (left front leg)
 h - an amulet of regeneration (around neck)
 j - a ring of stealth (right front leg)
Scrolls
 a - 3 scrolls of remove curse
 b - a scroll of identify
 i - 2 scrolls of teleportation
Potions
 c - 2 potions of flight
 e - a potion of curing
 l - a potion of resistance {unknown}


   Skills:
 + Level 2.1 Fighting
 + Level 2.2 Dodging
 * Level 3.9 Unarmed Combat
 + Level 2.5 Spellcasting
 + Level 2.5 Transmutations
 * Level 1.4 Poison Magic


You had 4 spell levels left.
You knew the following spells:

 Your Spells              Type           Power        Failure   Level
a - Beastly Appendage     Tmut           16%          21%         1
b - Spider Form           Tmut/Pois      3%           52%         3

Your spell library contained the following spells:

 Spells                   Type           Power        Failure   Level
 Wereblood                Tmut           8%           28%         2
 Ice Form                 Ice/Tmut       5%           92%         4
 Blade Hands              Tmut           4%           98%         5


Dungeon Overview and Level Annotations

Branches:
Dungeon (3/15)

Altars:
Nemelex Xobeh
Ru
Zin


Innate Abilities, Weirdness & Mutations

((Your plain brown scales are hard. (AC +5)))
You cannot fit into any form of body armour.
((You are cold-blooded and may be slowed by cold attacks.))


Message History

The orc wizard completely misses you. The orc closely misses you.
The orc wizard hits you with a +0 spear.
* * * LOW HITPOINT WARNING * * *
Things that are here:
a +0 mace; a potion of curing You hit the orc wizard.
The orc wizard is heavily wounded.
The orc wizard completely misses you. The orc closely misses you.
You hit the orc wizard.
The orc wizard is poisoned.
The orc wizard is heavily wounded.
The orc wizard closely misses you. The orc hits you with a +0 short sword.
* * * LOW HITPOINT WARNING * * *
The orc wizard misses you.
You feel better. The orc hits you with a +0 short sword.
* * * LOW HITPOINT WARNING * * *
The orc wizard completely misses you.
You hit the orc wizard.
You kill the orc wizard!
The orc hits you with a +0 short sword.
You die...

#######.# #...##. # #..#
########[... ### #.##
########.....)...## ..####.#
######........#######.##
#...##.###...........### #..#
..#.##.##.............## ##..
#.#.##.#)..............# ###.
#...##†...........(....# #...
......<........)so.....# #...
.#.....)...)...........# #..)
##....÷..<.)...........# #...
###.#.##).............#
#####...
#.#.###...........#.###....###
###..#.#.......#######..##....#
.......[.#.....# ##..#....#
.....#.....###.# ##......###
.#####..######.# ###.......#..


You could see an orc.

Vanquished Creatures
  2 orc wizards (D:3)
  An orc priest (D:3)
  An ooze (D:1)
  2 leopard geckos (D:3)
  5 orcs
  2 bats
  7 giant cockroaches
  6 goblins
  4 hobgoblins
  2 jackals (D:1)
  6 kobolds
  A quokka (D:2)
  2 ball pythons
  3 frilled lizards
  4 rats
48 creatures vanquished.

Notes
Turn   | Place    | Note
-------+----------+-------------------------------------------
     0 | D:1      | kae the Draconian Transmuter began the quest for the Orb.
     0 | D:1      | Reached XP level 1. HP: 16/16 MP: 3/3
   255 | D:1      | Reached XP level 2. HP: 19/23 MP: 3/5
   688 | D:1      | Reached XP level 3. HP: 28/28 MP: 4/6
   692 | D:1      | Learned a level 3 spell: Spider Form
  1064 | D:2      | Found a glowing silver altar of Zin.
  1129 | D:2      | Found a sparkling altar of Nemelex Xobeh.
  2069 | D:3      | Reached skill level 1 in Poison Magic
  2069 | D:3      | Reached XP level 4. HP: 33/36 MP: 4/7
  2265 | D:3      | Found a sacrificial altar of Ru.
  2278 | D:3      | Became a worshipper of Ru the Awakened
  2316 | D:3      | Slain by an orc

Illustrated notes

Levels and vault maps discovered:
D:1:      dpeg_arrival_long_road, layout_basic, grunt_decor_cap,
          hangedman_glass_teeth
D:2:      layout_loops_ring, nemelex_xobeh_ov_fountains_minmay, zin_statuary,
          serial_co_window_serial, co_window_cross_1, co_window_paths_a,
          co_window_of_opportunity_a, co_window_of_opportunity_a,
          co_window_paths_a, co_window_2corner, co_window_unsneaky_path_c,
          co_window_cross_2, co_window_of_opportunity_b, co_window_paths_c,
          co_window_2corner, glass_columns_a, glass_columns_c, glass_columns_c,
          glass_columns_c, roderic_roman_lattice
D:3:      layout_rooms, lemuel_crystal_altar

Skill      XL: |  1  2  3  4 |
---------------+-------------+-----
Dodging        | 2 |  2.2
Poison Magic   | 1 |  1.4
Fighting       | 2 |  2.1
Unarmed Combat | |  3.9
Spellcasting   | |  2.5
Transmutations | |  2.5

Action                   |  1- 3 |  4- 6 || total
-------------------------+-------+-------++-------
Melee: Unarmed           |   110 |    25 ||   135
       Kick              |    19 |     1 ||    20
       Tailslap          |     6 |     2 ||     8
       Headbutt          |     8 |       ||     8
 Cast: Beastly Appendage |    25 |     3 ||    28
       Spider Form       |     1 |     2 ||     3
  Use: Scroll            |     9 |       ||     9
       Potion            |       |     2 ||     2
 Stab: Sleeping          |       |     2 ||     2
Armor: Skin              |    33 |     8 ||    41
Dodge: Dodged            |    71 |    20 ||    91

Table legend: (Time is in decaauts)
 A = Elapsed time spent in this place.
 B = Non-inter-level travel time spent in this place.
 C = Inter-level travel time spent in this place.
 D = Time resting spent in this place.
 E = Time spent auto-exploring this place.
 F = Levels seen in this place.
 G = Mean time per level.
                   A        B        C        D        E       F      G
               +--------+--------+--------+--------+--------+-----+--------+
         Total |   2308 |   2208 |    100 |     18 |   1787 |   3 |  769.3 |
       Dungeon |   2308 |   2208 |    100 |     18 |   1787 |   3 |  769.3 |
               +--------+--------+--------+--------+--------+-----+--------+

Top non-repeatable levels by time:
     D:2: 1122 daAuts
     D:1: 780 daAuts
     D:3: 405 daAuts
